 Dungeon Crawl Stone Soup version bcrawl-1.19.1 (webtiles) character file.

Game seed: 11775683046731047108

114067 Banto the Martial Artist (level 16, 0/180 HPs)
             Began as a Red Draconian Transmuter on Dec 6, 2019.
             Was the Champion of Cheibriados.
             Slain by a tyrant leech (16 damage)
             ... on level 3 of the Spider Nest.
             The game lasted 00:59:07 (30970 turns).

Banto the Martial Artist (DrTm)                    Turns: 30970, Time: 00:59:08

Health: 0/180      AC: 31    Str: 30    XL:     16   Next: 15%
Magic:  9/25       EV: 26    Int: 29    God:    Cheibriados [******]
Gold:   901        SH:  0    Dex: 31    Spells: 7/28 levels left

rFire    + + .     SeeInvis .     - Unarmed
rCold    + . .     Gourm    .   (no shield)
rNeg     + . .     Faith    .   (armour unavailable)
rPois    ∞         Spirit   .   (helmet restricted)
rElec    +         Reflect  .   u - scarf {rC+ rF+}
rCorr    +         Harm     .   (gloves currently unavailable)
MR       +....                  (boots currently unavailable)
Stlth    ++........             (no amulet)
HPRegen  0.40/turn              f - +4 ring of protection
MPRegen  0.19/turn              j - ring of resist corrosion

@: statue-form, very slightly contaminated, very slow
A: (breathe fire), unfitting armour, fire resistance 1, cold-blooded, AC +9
a: End Transformation, Bend Time, Temporal Distortion, Slouch, Step From Time,
Renounce Religion


You were on level 3 of the Spider Nest.
You worshipped Cheibriados.
Cheibriados was exalted by your worship.
You were near starving.
You were a stone statue.
You visited 4 branches of the dungeon, and saw 22 of its levels.
You also visited: Gauntlet.

You collected 2018 gold pieces.
You spent 1117 gold pieces at shops.

Inventory:

Missiles
 a - 3987 arrows
 L - 3 throwing nets (quivered) {!f}
Armour
 m - a +1 pair of gloves (melded)
 u - a scarf of resistance (worn)
 v - a +2 shield
 N - a +2 pair of boots of flying (melded)
Jewellery
 f - a +4 ring of protection (left hand)
 g - an uncursed ring of protection from fire
 j - a ring of resist corrosion (right hand)
 Y - an uncursed ring of protection from cold
Wands
 h - a wand of scattershot (10)
 n - a wand of random effects (4)
 q - a wand of iceblast (4)
 r - a wand of paralysis (22)
 s - a wand of flame (32)
 C - a wand of digging (38)
 F - a wand of enslavement (6)
 G - a wand of disintegration (14)
 H - a wand of polymorph (20)
 U - a wand of acid (11)
Scrolls
 b - 9 scrolls of teleportation
 i - 8 scrolls of remove curse
 o - 2 scrolls of immolation
 y - 6 scrolls of fog
 z - 2 scrolls of blinking
 A - 3 scrolls of fear
 D - 5 scrolls of identify
Potions
 c - 7 potions of lignification
 e - 5 potions of flight
 k - 4 potions of brilliance
 l - 10 potions of curing
 p - 2 potions of invisibility
 w - 2 potions of agility
 x - 5 potions of might
 B - 3 potions of ambrosia
 J - a potion of magic
 M - a potion of cancellation
 R - a potion of mutation
 V - a potion of heal wounds
Miscellaneous
 P - a lightning rod (4/4)
 S - a lamp of fire
Comestibles
 d - 45 rations {!d}


   Skills:
 - Level 12.0 Fighting
 - Level 12.0 Dodging
 + Level 4.1 Shields
 - Level 14.0 Unarmed Combat
 - Level 6.5 Spellcasting
 - Level 3.0 Necromancy
 - Level 11.0 Transmutations
   Level 3.0 Ice Magic
 - Level 10.0 Earth Magic
 - Level 11.1 Invocations


You had 7 spell levels left.
You knew the following spells:

 Your Spells              Type           Power        Failure   Level  Hunger
a - Regeneration          Chrm/Necr      ###.......   9%          3    None
b - Statue Form           Tmut/Erth      ######...    11%         6    ######.
c - Sticks to Snakes      Tmut           ######..     1%          2    None
e - Blade Hands           Tmut           ######....   1%          5    #####..
f - Animate Skeleton      Necr           N/A          1%          1    None
g - Animate Dead          Necr           N/A          16%         4    ##.....

Your spell library contained the following spells:

 Spells                   Type           Power        Failure   Level  Hunger
 Beastly Appendage        Tmut           ######       1%          1    None
 Freeze                   Ice            ####..       1%          1    None
 Pain                     Necr           ####..       1%          1    None
 Leda's Liquefaction      Hex/Erth       #####.....   1%          3    None
 Spider Form              Tmut/Pois      ###          1%          3    None
 Ice Form                 Ice/Tmut       ######..     3%          4    ##.....
 Ensorcelled Hibernation  Hex/Ice        ###...       4%          2    None
 Throw Frost              Conj/Ice       ###...       4%          2    None
 Vampiric Draining        Necr           ####......   4%          3    None
 Corona                   Hex            #......      5%          1    None
 Shock                    Conj/Air       #....        5%          1    None
 Swiftness                Chrm/Air       #.......     9%          2    None
 Ozocubu's Armour         Chrm/Ice       ###.....     9%          3    None
 Confuse                  Hex            #.......     16%         3    None
 Dazzling Spray           Conj/Hex       #.....       16%         3    None
 Static Discharge         Air            #.......     16%         3    None
 Tukima's Dance           Hex            #.......     16%         3    None
 Summon Ice Beast         Ice/Summ       ###.....     28%         4    ##.....
 Throw Icicle             Conj/Ice       ###.....     28%         4    ##.....
 Bolt of Magma            Conj/Fire/Erth ####......   36%         5    #####..
 Airstrike                Air            #.........   47%         4    ##.....
 Bolt of Draining         Conj/Necr      ###.......   63%         5    #####..
 Iron Shot                Conj/Erth      #####.....   71%         6    ######.
 Lightning Bolt           Conj/Air       #.........   83%         5    #####..
 Icicle Burst             Conj/Ice       ###.......   100%        7    #######
 Chain Lightning          Conj/Air       #.........   100%        8    #######
 Ignition                 Fire           #.........   100%        8    #######
 Shatter                  Erth           ######....   100%        9    #######
 Tornado                  Air            #.........   100%        9    #######


Dungeon Overview and Level Annotations

Branches:
Dungeon (12/12)            Temple (0/1) D:7            Lair (6/6) D:8
 Shoals (0/3) Lair:2       Spider (3/3) Lair:2        Slime (0/5) Lair:5
    Orc (1/1) D:8             Elf (0/3) Orc          Vaults (0/3) D:12
 Depths (0/5) D:12

Altars:
Cheibriados
Dithmenos
Gozag
Wu Jian
Jiyva

Shops:
D:7 [:   D:9 [   Orc [!*((??

Annotations:
Lair:2 3 runed translucent doors, Mrkan's ghost, journeyman TrMo


Innate Abilities, Weirdness & Mutations

((You can breathe blasts of fire.))
((Your fiery red scales are hard. (AC +9)))
You cannot fit into any form of body armour.
Your flesh is heat resistant. (rF+)
You are cold-blooded and may be slowed by cold attacks.


Message History

You kill the wolf spider!
Cheibriados thoroughly appreciates the change of pace.
The tyrant leech completely misses you.
You see here a redback corpse.
Your skin is crawling a little less now.
The swamp worm throws harpoon shot at you.
The harpoon shot misses you. The tyrant leech completely misses you.
Your skin stops crawling.
The swamp worm throws harpoon shot at you.
The harpoon shot hits you!
* * * LOW HITPOINT WARNING * * *
You are yanked forward by the harpoon shot.
The swamp worm completely misses you. The swamp worm closely misses you.
The tyrant leech bites you but does no damage.
The tyrant leech bites you.
* * * LOW HITPOINT WARNING * * *
The swamp worm misses you. The tyrant leech misses you.
The swamp worm closely misses you. The swamp worm misses you.
The tyrant leech bites you!
You die... ≈≈≈......#..### ≈≈w≈≈.####....### .# ###≈≈≈ #..##†#.###..# #Pw

##..#..#...^..
≈≈≈≈
#...#.....#
≈w#P
#..###..###
###≈
######w..#
###..ww####
#...†w8#..#
##..##...##
##. #..## #.
#.<# #. #..#
#. ##.. #.
#..# .. ####


You could see 2 tyrant leeches and 2 swamp worms.

Vanquished Creatures
  Rupert (Lair:6)
  Asterion (Spider:1)
  An emperor scorpion (Spider:2)
  A ghost moth (Spider:2)
  Nessos (Orc)
  A minotaur (Gauntlet)
  2 ettins
  2 spark wasps (Spider:2)
  Josephine (Spider:1)
  Harold (Lair:3)
  6 hydras
  3 catoblepae
  Erica (D:10)
  A death knight (D:11)
  2 centaur warriors
  2 two-headed ogres (D:12)
  9 death yaks
  2 dancing weapons (D:12)
  A deep troll shaman (Lair:6)
  3 orc high priests (Orc)
  A skeletal warrior (D:11)
  A deep elf knight (D:12)
  2 unseen horrors (D:12)
  A lindwurm (Lair:6)
  4 orc knights (Orc)
  Pikel (D:4)
  3 cyclopes
  2 orange crystal statues (Gauntlet)
  6 orb spiders
  2 wolf spider zombies (D:12)
  A manticore (D:12)
  5 orc sorcerers
  8 oklob plants
  11 wolf spiders
  4 ugly things
  3 black mambas
  2 moths of wrath (Spider:3)
  2 centaur zombies
  2 elephants (Lair:6)
  4 torpor snails
  6 gargoyles
  14 cane toads
  3 freezing wraiths (D:11)
  2 rime drakes
  3 demonic crawlers
  2 kobold demonologists (D:12)
  2 efreet
  2 komodo dragons
  3 trolls
  8 tyrant leeches (Spider:3)
  4 tengu conjurers
  24 jumping spiders
  22 blink frogs
  4 polar bears
  A hornet (D:12)
  9 slime creatures (D:10)
  Prince Ribbit (D:6)
  4 hippogriffs
  6 tarantellas
  A shadow (D:8)
  29 redbacks
  2 wyverns
  A human (D:7)
  41 yaks
  4 hogs (D:7)
  4 wraiths
  2 hungry ghosts
  Grum (D:9)
  A basilisk (Lair:1)
  8 vampire mosquitoes
  3 wargs (Orc)
  3 acid dragons
  2 swamp worms (Spider:3)
  9 crocodiles
  16 water moccasins
  10 porcupines
  A floating eye (D:8)
  4 ice beasts
  14 orc warriors
  3 black bears
  2 slaves (D:4)
  6 sky beasts
  23 wolves
  10 ogres
  A necrophage (D:11)
  5 phantoms
  10 centaurs
  12 bullfrogs
  A big kobold (D:10)
  A gnoll sergeant (Orc)
  Dowan (D:5)
  2 scorpions
  8 killer bees
  2 troll zombies (D:8)
  A vampire bat (D:3)
  An electric eel (Spider:2)
  3 howler monkeys (D:10)
  5 crimson imps
  2 bullfrog zombies (D:5)
  2 quasits
  4 jellies
  15 orc priests
  3 hounds
  6 centaur skeletons
  16 orc wizards
  2 bullfrog skeletons
  4 iguanas
  Terence (D:3)
  Natasha (thrice) (D:4)
  7 hell rats (Lair:6)
  7 worker ants
  4 ogre zombies (D:8)
  A hound skeleton (D:5)
  A worker ant zombie (D:7)
  3 gnolls (Orc)
  10 adders
  2 oozes
  2 adder zombies
  An adder skeleton (D:7)
  2 worms (D:3)
  3 dart slugs
  3 fire bats (D:3)
  8 leopard geckos
  59 orcs
  2 spectral bats (D:3)
  14 bats
  3 bat skeletons (D:3)
  A bat zombie (D:3)
  2 giant cockroaches
  9 goblins
  10 hobgoblins
  7 jackals
  4 quokkas
  A bat simulacrum (D:3)
  2 frilled lizards
  A goblin skeleton (D:8)
  5 goblin zombies (D:8)
  3 hobgoblin skeletons (D:8)
  4 hobgoblin zombies (D:8)
  18 kobolds
  6 orc zombies (D:8)
  7 rats
  A bush (D:8)
  A plant (Lair:3)
752 creatures vanquished.

Vanquished Creatures (collateral kills)
  A hydra (D:12)
  An oklob plant (Lair:6)
  An elephant (Lair:6)
  A centaur zombie (D:12)
  2 black mambas (Lair:3)
  2 komodo dragons
  A blink frog (Lair:6)
  3 yaks
  A crocodile (Lair:3)
  Duvessa (D:5)
  A wolf (Lair:6)
  An ogre (D:12)
  2 bullfrogs
  2 killer bees
  An electric eel (Lair:6)
  A worker ant (D:5)
  2 orcs (D:5)
  7 fungi
  2 plants (Lair:3)
33 creatures vanquished.

Vanquished Creatures (others)
  A slave (D:4)
  3 orcs (D:4)
  14 fungi
  14 plants
32 creatures vanquished.

Grand Total: 817 creatures vanquished

Notes
Turn   | Place    | Note
-------+----------+-------------------------------------------
     0 | D:1      | Banto the Draconian Transmuter began the quest for the Orb.
     0 | D:1      | Reached XP level 1. HP: 16/16 MP: 3/3
   246 | D:1      | Reached XP level 2. HP: 23/23 MP: 5/5
   879 | D:2      | Reached XP level 3. HP: 13/28 MP: 4/6
  1363 | D:2      | Reached skill level 4 in Unarmed Combat
  1486 | D:2      | Noticed an ogre
  1514 | D:2      | Killed an ogre
  1514 | D:2      | Reached XP level 4. HP: 26/35 MP: 7/7
  1514 | D:2      | Reached XP level 5. HP: 30/40 MP: 8/8
  2126 | D:3      | Noticed Terence
  2144 | D:3      | Killed Terence
  2649 | D:3      | Reached skill level 5 in Unarmed Combat
  2750 | D:3      | Reached XP level 6. HP: 45/47 MP: 9/9
  3072 | D:3      | Found an ornate altar of the Wu Jian Council.
  3267 | D:3      | Reached skill level 5 in Transmutations
  3661 | D:4      | Noticed a sky beast
  3678 | D:4      | Learned a level 2 spell: Sticks to Snakes
  3682 | D:4      | Learned a level 3 spell: Spider Form
  3714 | D:4      | Noticed Natasha
  3733 | D:4      | Killed Natasha
  3819 | D:4      | Reached skill level 6 in Unarmed Combat
  3819 | D:4      | Your scales start taking on a fiery red colour.
  3819 | D:4      | Reached XP level 7. HP: 24/52 MP: 10/10
  3819 | D:4      | Gained mutation: Your flesh is heat resistant. (rF+) [Red
                  | Draconian growth]
  3907 | D:4      | Noticed Natasha
  3909 | D:4      | Killed Natasha
  3927 | D:4      | Noticed Natasha
  3935 | D:4      | Killed Natasha
  4775 | D:5      | Entered Level 5 of the Dungeon
  4789 | D:5      | Reached skill level 7 in Unarmed Combat
  4940 | D:4      | Noticed Pikel
  4949 | D:4      | Killed Pikel
  4949 | D:4      | Reached XP level 8. HP: 50/59 MP: 11/11
  5417 | D:5      | Reached skill level 8 in Unarmed Combat
  6212 | D:5      | Learned a level 4 spell: Ice Form
  6254 | D:5      | Noticed Dowan
  6259 | D:5      | Noticed Duvessa
  6293 | D:5      | Reached XP level 9. HP: 51/64 MP: 5/12
  6294 | D:5      | Killed Duvessa
  6294 | D:5      | Reached skill level 9 in Unarmed Combat
  6308 | D:5      | Killed Dowan
  6746 | D:5      | Reached skill level 1 in Ice Magic
  7211 | D:6      | Noticed Prince Ribbit
  7216 | D:6      | Killed Prince Ribbit
  7464 | D:6      | Noticed a gargoyle
  7741 | D:6      | Noticed a brown ugly thing
  7759 | D:6      | Killed a brown ugly thing
  7991 | D:6      | Found a snail-covered altar of Cheibriados.
  8054 | D:6      | Killed a gargoyle
  8086 | D:6      | Became a worshipper of Cheibriados the Contemplative
  8265 | D:7      | Found a staircase to the Ecumenical Temple.
  8287 | D:7      | Reached XP level 10. HP: 42/80 MP: 15/15
  8577 | D:7      | Learned a level 5 spell: Blade Hands
  8635 | D:7      | Found Rurooth's Armour Shoppe.
  8722 | D:7      | Reached skill level 5 in Fighting
  8750 | D:7      | Reached skill level 5 in Dodging
  8919 | D:7      | Reached * piety under Cheibriados
  9045 | D:7      | Found Daqor's Book Shop.
  9841 | D:8      | Noticed an oklob plant
  9893 | D:8      | Noticed an oklob plant
 10013 | D:8      | Reached ** piety under Cheibriados
 10065 | D:8      | Found a staircase to the Orcish Mines.
 10362 | D:8      | Noticed an oklob plant
 10532 | D:8      | Reached *** piety under Cheibriados
 11078 | D:8      | Found a staircase to the Lair.
 11211 | D:8      | Killed an oklob plant
 11214 | D:8      | Paralysed by a floating eye for 4 turns
 11222 | D:8      | Reached XP level 11. HP: 31/95 MP: 16/16
 11463 | D:8      | Noticed an oklob plant
 11824 | Lair:1   | Entered Level 1 of the Lair of Beasts
 12336 | D:9      | Noticed Grum
 12708 | D:9      | Killed Grum
 13012 | D:9      | Reached **** piety under Cheibriados
 13098 | D:9      | Found Tyergh's Antique Armour Emporium.
 13287 | D:10     | Entered Level 10 of the Dungeon
 13287 | D:10     | Noticed a green ugly thing
 13293 | D:10     | Killed a green ugly thing
 13319 | D:10     | Reached skill level 10 in Fighting
 13604 | D:10     | Noticed a purple ugly thing
 13611 | D:10     | Killed a purple ugly thing
 13876 | D:10     | Reached ***** piety under Cheibriados
 13937 | D:10     | Reached skill level 10 in Unarmed Combat
 13997 | D:10     | Noticed Erica
 14004 | D:10     | Killed Erica
 14148 | D:10     | Learned a level 1 spell: Animate Skeleton
 14277 | D:10     | Found an opulent altar of Gozag.
 14487 | Lair:1   | Reached XP level 12. HP: 83/106 MP: 17/17
 14678 | Lair:1   | Reached skill level 10 in Dodging
 15484 | Lair:2   | Reached skill level 11 in Unarmed Combat
 16058 | Lair:1   | Reached ****** piety under Cheibriados
 16623 | Lair:2   | Found a staircase to the Shoals.
 16739 | Lair:2   | Found a runed translucent gate.
 16739 | Lair:2   | Found a runed translucent gate.
 16740 | Lair:2   | Found a runed translucent gate.
 16746 | Lair:2   | Noticed Mrkan's ghost (journeyman TrMo)
 16823 | Lair:2   | Found a hole to the Spider Nest.
 17194 | Lair:3   | Reached skill level 1 in Invocations
 17604 | Lair:3   | Noticed Harold
 17617 | Lair:3   | Killed Harold
 17617 | Lair:3   | Reached skill level 5 in Invocations
 17743 | Lair:3   | Reached XP level 13. HP: 113/113 MP: 18/18
 19817 | Lair:4   | Reached skill level 10 in Invocations
 20536 | Lair:5   | Reached skill level 12 in Unarmed Combat
 20650 | Lair:5   | Reached skill level 1 in Necromancy
 21099 | Lair:5   | Found a viscous altar of Jiyva.
 21101 | Lair:5   | Found a staircase to the Slime Pits.
 21473 | Lair:6   | Entered Level 6 of the Lair of Beasts
 21764 | Lair:6   | Noticed Rupert
 21768 | Lair:6   | Paralysed by Rupert for 3 turns
 21777 | Lair:6   | Killed Rupert
 21777 | Lair:6   | Reached skill level 5 in Spellcasting
 21778 | Lair:6   | Reached XP level 14. HP: 121/121 MP: 20/22
 21831 | Lair:6   | Learned a level 3 spell: Regeneration
 21836 | Lair:6   | Learned a level 4 spell: Animate Dead
 21963 | Lair:6   | Reached skill level 13 in Unarmed Combat
 22223 | D:7      | Bought a book of the Earth for 780 gold pieces
 22923 | Lair:6   | Reached skill level 10 in Transmutations
 23817 | Orc      | Entered the Orcish Mines
 23817 | Orc      | Noticed Nessos
 23826 | Orc      | Found Maugi's Weapon Emporium.
 23827 | Orc      | Killed Nessos
 24106 | Orc      | Found Hiemuidi's Magic Scroll Shop.
 24143 | Orc      | Bought a scroll of identify for 26 gold pieces
 24143 | Orc      | Bought a scroll of identify for 26 gold pieces
 24143 | Orc      | Bought 3 scrolls of teleportation for 117 gold pieces
 24143 | Orc      | Bought a scroll of teleportation for 39 gold pieces
 24143 | Orc      | Bought a scroll of teleportation for 39 gold pieces
 24143 | Orc      | Bought a scroll of amnesia for 45 gold pieces
 24143 | Orc      | Bought a scroll of amnesia for 45 gold pieces
 24152 | Orc      | Learned a level 6 spell: Statue Form
 24192 | Orc      | Reached skill level 1 in Earth Magic
 24386 | Orc      | Found Doshraaho's Magic Scroll Shoppe.
 24387 | Orc      | Found a staircase to the Elven Halls.
 24553 | Orc      | Found Zearynea's Assorted Antiques.
 24800 | Orc      | Found Ajycs's Armour Emporium.
 24827 | Orc      | Found Suirph's Distillery.
 24829 | Orc      | Found Saeptom's Weapon Boutique.
 25596 | D:8      | Reached skill level 5 in Earth Magic
 25837 | D:11     | Found a gate leading to a gauntlet.
 25863 | Gauntlet | Entered a Gauntlet
 25863 | Gauntlet | Found a transporter.
 25863 | Gauntlet | Found a transporter.
 25867 | Gauntlet | Found a transporter.
 25867 | Gauntlet | Found a transporter.
 25877 | Gauntlet | Found a transporter.
 25888 | Gauntlet | Found a transporter.
 25897 | Gauntlet | Found a transporter.
 25898 | Gauntlet | Found a transporter.
 25898 | Gauntlet | Found a transporter.
 25905 | Gauntlet | Found a transporter.
 25929 | Gauntlet | Found a transporter.
 25975 | Gauntlet | Found a transporter.
 25984 | Gauntlet | Found a transporter.
 25998 | Gauntlet | Found a transporter.
 26100 | Gauntlet | Found a transporter.
 26115 | Gauntlet | Noticed a reaper
 26116 | Gauntlet | Found a transporter.
 26374 | Gauntlet | Got a warped gossamer ring
 26430 | Gauntlet | Identified the +5 shortbow of Moderation {freeze, *Corrode
                  | rN+ Str+5}
 26683 | D:11     | Reached XP level 15. HP: 63/126 MP: 24/24
 27502 | D:12     | Entered Level 12 of the Dungeon
 27728 | D:12     | Found a shadowy altar of Dithmenos.
 27806 | D:12     | Paralysed by an orc sorcerer for 2 turns
 27882 | D:12     | Found a staircase to the Depths.
 28101 | D:12     | Found a gate to the Vaults.
 28667 | D:12     | Identified the ring "Qiadann" {*Slow +Blink MP+9 Int+2
                  | Dex-2} (You found it in a Gauntlet)
 28883 | Spider:1 | Entered Level 1 of the Spider Nest
 28945 | Spider:1 | Learned a level 2 spell: Sticks to Snakes
 28978 | Spider:1 | Noticed Asterion
 28988 | Spider:1 | Killed Asterion
 29061 | Spider:1 | Noticed Josephine
 29074 | Spider:1 | Killed Josephine
 29300 | Spider:1 | Reached skill level 14 in Unarmed Combat
 30216 | Spider:2 | Killed a ghost moth
 30680 | Spider:2 | Reached XP level 16. HP: 123/139 MP: 25/25
 30791 | Spider:2 | Reached skill level 10 in Earth Magic
 30796 | Spider:2 | Reached skill level 1 in Shields
 30872 | Spider:3 | Entered Level 3 of the Spider Nest
 30959 | Spider:3 | HP: 6/180 [wolf spider (7)]
 30964 | Spider:3 | HP: 4/180 [wolf spider (9)]
 30970 | Spider:3 | Slain by a tyrant leech

Skill      XL: |  1  2  3  4  5  6  7  8  9 10 11 12 13 14 15 16 |
---------------+-------------------------------------------------+-----
Transmutations | 4 5 7 8 9 11 | 11.0
Unarmed Combat | 4 5 6 7 8 9 10 11 12 13 14 | 14.0
Ice Magic      | 3 |  3.0
Spellcasting   | 3 5 6 |  6.5
Dodging        | 4 7 9 11 12 | 12.0
Fighting       | 4 8 10 12 | 12.0
Invocations    | 5 11 | 11.1
Necromancy     | 3 |  3.0
Earth Magic    | 7 9 10 | 10.0
Shields        | 4 |  4.1

Action                   |  1- 3 |  4- 6 |  7- 9 | 10-12 | 13-15 | 16-18 || total
-------------------------+-------+-------+-------+-------+-------+-------++-------
Melee: Unarmed           |    73 |       |   215 |   608 |   872 |    48 ||  1816
       Tailslap          |    13 |    29 |    46 |   135 |   215 |    10 ||   448
       Kick              |     2 |       |     1 |     1 |     5 |       ||     9
       Punch             |     2 |     4 |     9 |    44 |    74 |     5 ||   138
       Dagger            |    60 |   286 |    95 |       |       |       ||   441
Throw: Throwing net      |       |       |       |       |     1 |       ||     1
 Cast: Beastly Appendage |     2 |       |     1 |     1 |     1 |       ||     5
       Sticks to Snakes  |       |       |     4 |     3 |       |       ||     7
       Spider Form       |       |       |       |     1 |       |       ||     1
       Blade Hands       |       |       |       |    20 |    25 |       ||    45
       Animate Skeleton  |       |       |       |    17 |    57 |       ||    74
       Ice Form          |       |       |       |       |     4 |       ||     4
       Regeneration      |       |       |       |       |    19 |     2 ||    21
       Statue Form       |       |       |       |       |     4 |       ||     4
Invok: Slouch            |       |       |       |       |     1 |     3 ||     4
 Abil: Breathe Fire      |       |       |    26 |    41 |    27 |       ||    94
       End Transformatio |       |       |       |     1 |     7 |       ||     8
Evoke: Wand              |       |       |       |     3 |    24 |       ||    27
  Use: Scroll            |       |     3 |     5 |     9 |    20 |     1 ||    38
       Potion            |       |       |       |     2 |     1 |       ||     3
 Stab: Sleeping          |       |     1 |     3 |     8 |     8 |       ||    20
       Distracted        |       |       |     2 |     3 |     4 |     1 ||    10
       Petrified         |       |       |       |       |    10 |       ||    10
       Petrifying        |       |       |       |       |     1 |       ||     1
       Paralysed         |       |       |       |       |     1 |       ||     1
  Eat: Chunk             |     2 |     7 |    18 |    28 |    27 |       ||    82
       Ration            |       |       |     1 |     1 |     3 |       ||     5
Armor: Skin              |    48 |   191 |   106 |   130 |   363 |    31 ||   869
Dodge: Dodged            |    91 |   279 |   156 |   602 |  1358 |   126 ||  2612
